 Dungeon Crawl Stone Soup version 0.14-a0-1739-g6c2808e (webtiles) character file.

209 HollowCharge the Skirmisher (level 4, -1/38 HPs)
             Began as a Demigod Warper on Jan 4, 2014.
             Slain by an orc
             ... wielding a +3,+1 orcish dagger of chaos
              (10 damage)
             ... while paralysed by an orc
             ... on Level 3 of the Dungeon.
             The game lasted 00:14:54 (3494 turns).

HollowCharge the Skirmisher (Demigod Warper)        Turns: 3494, Time: 00:14:54

HP  -1/38        AC  7     Str 16      XL: 4   Next: 41%
MP   9/9         EV  2     Int 17      God:
Gold 94          SH  0     Dex 16      Spells:  3 memorised,  1 level left

rFire  . . .     SeeInvis .     a - +1,+0 falchion
rCold  . . .     Clarity  .     b - +1 dwarf ring mail (curse)
rNeg   . . .     Conserve .     (no shield)
rPois  .         rCorr    .     (no helmet)
rElec  .         rRot     .     (no cloak)
SustAb . .       Spirit   .     (no gloves)
rMut   .         Warding  .     n - +0 pair of boots
Saprov . . .     Stasis   .     (no amulet)
                                (no ring)
                                (no ring)

@: paralysed, very slightly contaminated, hasted, slightly resistant to hostile
enchantments, very unstealthy
A: no striking features
a: no special abilities


You were on level 3 of the Dungeon.
You were not hungry.

You visited 1 branch of the dungeon, and saw 3 of its levels.

You collected 94 gold pieces.

Inventory:

Hand weapons
 a - a +1,+0 falchion (weapon)
Missiles
 e - 15 darts (quivered)
 f - 10 darts of dispersal
Armour
 b - a cursed +1 dwarven ring mail (worn)
 n - a +0 pair of boots (worn)
 o - a +2 leather armour
Magical devices
 q - a wand of frost (19) {unknown}
Comestibles
 g - 2 bread rations
 p - a meat ration
 r - 3 chunks of orc flesh
Scrolls
 d - a scroll of blinking
 m - a scroll of remove curse {unknown}
Potions
 h - a potion of heal wounds {unknown}
 i - a potion of might {unknown}
 j - a potion of flight {unknown}
 k - a potion of confusion {unknown}
 l - a potion of poison {unknown}
Books
 c - a book of Spatial Translocations

   Spells                             Type                      Level
   *Apportation                       Translocation                1
   Portal Projectile                  Translocation                2
   *Blink                             Translocation                2
   *Shroud of Golubria                Charms/Translocation         2
   Teleport Other                     Translocation                3
   Passage of Golubria                Translocation                4


   Skills:
 + Level 3.3 Fighting
 + Level 3.3 Long Blades
 - Level 0.8 Throwing
 - Level 0.8 Armour
 - Level 1.7 Dodging
 - Level 1.7 Spellcasting
 - Level 2.6 Translocations


You had one spell level left.
You knew the following spells:

 Your Spells              Type           Power        Failure   Level  Hunger
a - Apportation           Tloc           ##........   14%         1    #......
b - Blink                 Tloc           N/A          21%         2    ###....
c - Shroud of Golubria    Chrm/Tloc      #.........   38%         2    ###....


Dungeon Overview and Level Annotations

Branches:
Dungeon (3/16)

Annotations:
D:2 Sigmund, Terence


Message History

You kill the goblin!
Things that are here:
a club; an orcish spear of chaos; an orc corpse You start resting.
An orc comes into view. It is wielding a runed orcish dagger.
An orc is nearby!
The orc shouts!
Things that are here:
a goblin corpse; a rat corpse The orc hits you with a runed orcish dagger.
* * * LOW HITPOINT WARNING * * *
You feel yourself speed up.
You are very lightly contaminated with residual magic.
You hit the orc.
The orc is severely wounded.
The orc hits you with an orcish dagger of chaos.
* * * LOW HITPOINT WARNING * * *
You suddenly lose the ability to move!
The orc hits you but does no damage.
You are electrocuted!
You die...

##.#.#
#..##..
##≈#≈≈#
.).#.#
#⌠≈≈..#...≈⌠#
####.# #.# #
#.# #.# # #.#
#.# # #.# #.#
# #.# #)# #
#.# #%# # #.#
#@# # #%#
#######o###
#.#
#.........#
#.#
#.######..#
####.#####.#
..#
......))...#
..#
#.##########
..# # ..# ..#


You could see an orc.

Vanquished Creatures
  Jessica (D:2)
  3 adders
  A worm (D:2)
  A giant gecko (D:2)
  8 orcs (D:3)
  2 giant cockroaches (D:1)
  5 hobgoblins
  4 jackals (D:3)
  8 bats
  3 giant newts
  4 goblins
  6 kobolds
  10 rats
56 creatures vanquished.

Notes
Turn   | Place    | Note
--------------------------------------------------------------
     0 | D:1      | HollowCharge, the Demigod Warper, began the quest for the Orb.
     0 | D:1      | Reached XP level 1. HP: 17/17 MP: 3/3
   415 | D:1      | Reached XP level 2. HP: 24/24 MP: 4/4
   846 | D:2      | Learned a level 2 spell: Blink
  1048 | D:2      | Noticed Jessica
  1061 | D:2      | Killed Jessica
  1061 | D:2      | Reached XP level 3. HP: 16/30 MP: 7/7
  1288 | D:2      | Found a glowing golden altar of the Shining One.
  1371 | D:2      | Noticed Sigmund
  1485 | D:1      | Learned a level 2 spell: Shroud of Golubria
  1685 | D:2      | Noticed Terence
  2074 | D:2      | Reached skill level 3 in Fighting
  2831 | D:3      | Reached XP level 4. HP: 30/38 MP: 9/9
  3493 | D:3      | Paralysed by an orc for 4 turns
  3494 | D:3      | Slain by an orc

Action                   |  1- 3 |  4- 6 || total
-------------------------+-------+-------++-------
Melee: Falchion          |   158 |    67 ||   225
 Cast: Blink             |     5 |       ||     5
  Use: Scroll            |     7 |     3 ||    10
